 Dungeon Crawl Stone Soup version 0.30-a0-141-g30f27751c5 (webtiles) character file.

Game seed: 12725063641623011799

155 qw the Chopper (level 5, -6/32 HPs)
             Began as a Gargoyle Fighter on Sept 25, 2022.
             Mangled by a gnoll
             ... wielding a +0 spear
              (8 damage)
             ... on level 3 of the Dungeon.
             The game lasted 00:00:45 (1888 turns).

qw the Chopper (Gargoyle Fighter)                   Turns: 1888, Time: 00:00:45

Health: -6/32      AC: 12    Str: 22    XL:     5   Next: 37%
Magic:  5/5        EV:  9    Int:  8    God:
Gold:   128        SH:  4    Dex:  9    Spells: 4/4 levels left

rFire   . . .      SeeInvis .    Y - +1 war axe
rCold   . . .      Faith    .    c - +0 buckler
rNeg    + . .      Spirit   .    b - +0 scale mail
rPois   inf        Reflect  .    (no helmet)
rElec   +          Harm     .    (no cloak)
rCorr   .          Rampage  .    n - +0 pair of gloves
Will    .....                    (no boots)
Stlth   ..........               (no amulet)
HPRegen 0.10/turn                (no ring)
MPRegen 0.09/turn                (no ring)

@: no status effects
A: sickness immunity, AC +4, negative energy resistance 1, electricity
resistance, torment resistance 1, petrification resistance
a: no special abilities


You were on level 3 of the Dungeon.
You visited 1 branch of the dungeon, and saw 3 of its levels.

You collected 128 gold pieces.


Innate Abilities, Weirdness & Mutations

You are immune to sickness and miasma.
Your stone body is resilient. (AC +4)
You are immune to poison.
You resist negative energy. (rN+)
You are resistant to electric shocks. (rElec)
You are resistant to unholy torment.
You are immune to petrification.


   Skills:
 - Level 3.2 Fighting
 + Level 4.6 Axes
 - Level 1.3 Throwing
 - Level 3.2 Armour
 - Level 3.2 Shields


You had 4 spell levels left.
You didn't know any spells.
Your spell library was empty.

Inventory:

Hand Weapons
 l - a +0 whip
 Y - a +1 war axe (weapon)
Missiles
 k - 2 javelins (quivered)
Armour
 b - a +0 scale mail (worn)
 c - a +0 buckler (worn)
 n - a +0 pair of gloves (worn)
Jewellery
 f - a ring of ice
Scrolls
 e - a scroll of identify
 j - a scroll of teleportation {unknown}
Potions
 a - 2 potions of curing
 d - a potion of might
 g - a potion of invisibility {unknown}
 h - a potion of heal wounds {unknown}
 i - a potion of berserk rage {unknown}

Dungeon Overview and Level Annotations

Branches:
Dungeon (3/15)

Altars:


Message History

You hit the goblin.
You kill the goblin!
You barely miss the endoplasm. The gnoll closely misses you.
The endoplasm misses you.
The gnoll hits you from afar with a +0 spear.
The endoplasm barely misses you.
You slash the endoplasm!
You kill the endoplasm!
The gnoll hits you but does no damage. The gnoll hits you but does no damage.
Things that are here:
a +0 club; a goblin corpse You hit the gnoll but do no damage.
The gnoll barely misses you.
You barely miss the gnoll. You block the gnoll's attack.
The gnoll barely misses you.
You closely miss the gnoll. The gnoll hits you but does no damage.
You slash the gnoll!
The gnoll is severely wounded.
The gnoll completely misses you.
You hit the gnoll.
The gnoll is almost dead.
The gnoll barely misses you. The gnoll hits you with a +0 spear!
You barely miss the gnoll.
The gnoll is almost dead.
The gnoll hits you but does no damage.
You completely miss the gnoll.
The gnoll is almost dead.
You block the gnoll's attack.
You barely miss the gnoll.
The gnoll is almost dead.
The gnoll hits you with a +0 spear. The gnoll barely misses you.
You closely miss the gnoll.
The gnoll is almost dead.
The gnoll hits you with a +0 spear.
You barely miss the gnoll.
The gnoll is almost dead.
The gnoll hits you with a +0 spear!
You die...

#....##.)...#
#....##.....#
#.....#.....#
+............#
######.......#
#.#.....# #.#...###
...#####.##))).#
..().!g@.......# #
...###.))##....# .#
........<...)#..#
................#
...##.#.......>.####
.( #.#.............
. #.#.............
#.#..............
#####..........


You could see a gnoll.

Vanquished Creatures
  Ijyb (D:3)
  2 gnolls (D:3)
  4 adders (D:2)
  2 worms (D:2)
  2 dart slugs (D:2)
  3 orcs (D:3)
  5 ball pythons
  6 endoplasms
  2 giant cockroaches
  5 goblins
  5 hobgoblins
  2 jackals (D:2)
  3 kobolds
  4 quokkas
  7 bats
  2 frilled lizards
  5 rats
60 creatures vanquished.

Vanquished Creatures (others)
  3 plants (D:2)
3 creatures vanquished.

Grand Total: 63 creatures vanquished

Notes
Turn   | Place    | Note
-------+----------+-------------------------------------------
     0 | D:1      | qw the Gargoyle Fighter began the quest for the Orb.
     0 | D:1      | Reached XP level 1. HP: 14/14 MP: 1/1
     0 | D:1      | 0 ||| qw: Version: 0.2-a-10-g399e6c4
     0 | D:1      | 0 ||| qw: Game counter: 153
     0 | D:1      | 0 ||| qw: Always use a shield: true
     0 | D:1      | 0 ||| qw: God list: Okawaru
     0 | D:1      | 0 ||| qw: Allow faded altars: false
     0 | D:1      | 0 ||| qw: Do Orc after D:15 true
     0 | D:1      | 0 ||| qw: Do second Lair branch before Depths: true
     0 | D:1      | 0 ||| qw: Lair rune preference: random
     0 | D:1      | 0 ||| qw: Plans: Normal, Zot:1-4, God:TSO, Crypt, Tomb,
                  | Pan, Slime:5, Hells, Abyss, Orb
     0 | D:1      | 0 ||| PLANNING D:1-11
    37 | D:1      | Found a faded altar of an unknown god.
    42 | D:1      | 42 ||| Stepping ~*~*~tactically~*~*~ (stealth).
    49 | D:1      | 49 ||| Stepping ~*~*~tactically~*~*~ (stealth).
    53 | D:1      | 53 ||| Stepping ~*~*~tactically~*~*~ (stealth).
    58 | D:1      | Reached skill level 2 in Axes
   132 | D:1      | Reached XP level 2. HP: 18/19 MP: 2/2
   156 | D:1      | 156 ||| Stepping ~*~*~tactically~*~*~ (stealth).
   658 | D:1      | 658 ||| UPGRADING to +0 pair of gloves.
   663 | D:1      | 663 ||| READING 3 scrolls labelled DOZ FYHAGH.
   664 | D:1      | 664 ||| READING scroll labelled GYKANA PITOO.
   665 | D:1      | 665 ||| READING scroll labelled LEVOUQE YTHRA.
   666 | D:1      | 666 ||| READING scroll labelled MISAOT AGIGU.
   667 | D:1      | 667 ||| READING 3 scrolls labelled SOYF MOIHAY.
   668 | D:1      | 668 ||| READING scroll labelled SADI CIXKIAVOH.
   669 | D:1      | 669 ||| READING scroll labelled KIECOSM UKEY.
   670 | D:1      | 670 ||| DROPPING 2 scrolls of magic mapping.
   671 | D:1      | 671 ||| DROPPING 2 scrolls of immolation.
   756 | D:2      | Reached skill level 3 in Axes
   784 | D:2      | Reached XP level 3. HP: 23/23 MP: 3/3
   870 | D:2      | 870 ||| FLEEEEING.
   871 | D:2      | 871 ||| FLEEEEING.
   872 | D:2      | 872 ||| STAIRDANCE
   909 | D:1      | 909 ||| DROPPING amulet of magic regeneration.
   988 | D:2      | Reached skill level 1 in Throwing
   999 | D:2      | Reached XP level 4. HP: 8/28 MP: 4/4
  1323 | D:2      | 1323 ||| Stepping ~*~*~tactically~*~*~ (hiding).
  1682 | D:2      | 1682 ||| READING scroll labelled RUMUKA OSHREXASH.
  1683 | D:2      | 1683 ||| READING 2 scrolls of identify.
  1683 | D:2      | 1683 ||| IDENTIFYING sedimented grey potion
  1737 | D:3      | 1737 ||| Stepping ~*~*~tactically~*~*~ (stealth).
  1802 | D:3      | 1802 ||| Stepping ~*~*~tactically~*~*~ (stealth).
  1806 | D:3      | 1806 ||| Stepping ~*~*~tactically~*~*~ (stealth).
  1813 | D:3      | Reached skill level 4 in Axes
  1815 | D:3      | 1815 ||| DROPPING +0 club.
  1827 | D:3      | Noticed Ijyb
  1828 | D:3      | 1828 ||| Stepping ~*~*~tactically~*~*~ (stealth).
  1847 | D:3      | Killed Ijyb
  1848 | D:3      | Reached XP level 5. HP: 31/32 MP: 5/5
  1886 | D:3      | HP: 6/32 [gnoll/+0 spear (4)]
  1887 | D:3      | HP: 2/32 [gnoll/+0 spear (4)]
  1888 | D:3      | Mangled by a gnoll

Levels and vault maps discovered:
D:1:      minmay_arrival_open_corners, layout_basic, basic_ecumenical_altar
D:2:      layout_loops_cross, serial_bayou, serial_bayou_pond_c,
          serial_bayou_crossing, serial_bayou_pond_b, serial_bayou_pond_a,
          minmay_tetromino_t2
D:3:      layout_basic, general_overflow_altar, uniq_natasha, uniq_ijyb

Skill      XL: |  1  2  3  4 |
---------------+-------------+-----
Axes           | 2 3 4 |  4.6
Throwing       | 1 |  1.3
Fighting       | |  3.2
Armour         | |  3.2
Shields        | |  3.2

Action                   |  1- 3 |  4- 6 || total
-------------------------+-------+-------++-------
Melee: War axe           |    83 |    48 ||   131
       Unarmed           |       |    17 ||    17
Throw: Javelin           |    14 |    15 ||    29
  Use: Scroll            |     7 |     2 ||     9
Armor: Scale mail        |    71 |    27 ||    98
       Skin              |       |     6 ||     6
Dodge: Dodged            |    69 |    35 ||   104
Block: Buckler           |    24 |     6 ||    30

Table legend:
 A = Non-vault XP
 B = Vault XP
 C = Vault XP percentage of total XP
 D = Non-vault monster count
 E = Vault monster count
 F = Vault count percentage of total count
                 A         B        C        D         E       F
            +---------+---------+-------+---------+---------+-------
      Total |     137 |      85 |  38.3 |      51 |       9 |  15.0
            +---------+---------+-------+---------+---------+-------
        D:1 |      27 |       0 |   0.0 |      16 |       0 |   0.0
        D:2 |      57 |      47 |  45.2 |      22 |       8 |  26.7
        D:3 |      53 |      38 |  41.8 |      13 |       1 |   7.1
            +---------+---------+-------+---------+---------+-------
